 Dungeon Crawl Stone Soup version 0.29-a0-251-g80730f7218 (webtiles) character file.

Game seed: 12247006515143323697

828 bande the Chopper (level 7, -2/44 HPs)
             Began as a Gargoyle Fighter on Mar 6, 2022.
             Slain by a gnoll
             ... wielding a +0 halberd
              (9 damage)
             ... on level 5 of the Dungeon.
             The game lasted 00:10:09 (5714 turns).

bande the Chopper (Gargoyle Fighter)                Turns: 5714, Time: 00:10:09

Health: -2/44      AC: 16    Str: 19    XL:     7   Next: 97%
Magic:  7/7        EV:  7    Int:  9    God:
Gold:   258        SH:  4    Dex: 11    Spells: 6/6 levels left

rFire   . . .      SeeInvis .   v - +1 hand axe (freeze)
rCold   . . .      Faith    .   c - +0 buckler
rNeg    + . .      Spirit   .   y - +0 chain mail
rPois   ∞          Reflect  .   (no helmet)
rElec   +          Harm     .   m - +1 cloak
rCorr   .          Rampage  .   (no gloves)
Will    .....                   (no boots)
Stlth   ..........              (no amulet)
HPRegen 0.14/turn               h - +4 ring of slaying
MPRegen 0.10/turn               (no ring)

@: no status effects
A: sickness immunity, AC +4, negative energy resistance 1, electricity
resistance, torment resistance 1, petrification resistance
a: no special abilities


You were on level 5 of the Dungeon.
You visited 1 branch of the dungeon, and saw 5 of its levels.
You also visited: Sewer.

You collected 258 gold pieces.

Inventory:

Hand Weapons
 a - a +1 war axe
 r - a +0 flail
 v - a +1 hand axe of freezing (weapon)
 w - a +0 flail
Missiles
 s - a throwing net (quivered)
Armour
 c - a +0 buckler (worn)
 m - a +1 cloak (worn)
 y - a +0 chain mail (worn)
Jewellery
 h - a +4 ring of slaying (left hand)
Wands
 u - a wand of polymorph (12)
Scrolls
 k - a scroll of enchant weapon
 n - a scroll of fear
 o - 5 scrolls of teleportation
 p - a scroll of magic mapping
Potions
 d - 2 potions of might
 e - a potion of curing {unknown}
 f - 2 potions of haste
 g - a potion of degeneration {unknown}
 i - 2 potions of brilliance {unknown}
 j - a potion of mutation {unknown}
 l - 2 potions of heal wounds
 q - 2 potions of lignification {unknown}
 t - a potion of invisibility {unknown}
 x - a potion of attraction {unknown}


   Skills:
 + Level 4.9 Fighting
 + Level 5.9 Axes
 + Level 5.0 Armour
 + Level 4.2 Shields
 * Level 2.0 Evocations


You had 6 spell levels left.
You didn't know any spells.
Your spell library contained the following spells:

 Spells                   Type           Power      Damage    Failure   Level
 Magic Dart               Conj           0%         1d3       99%         1
 Call Imp                 Summ           0%         N/A       100%        2
 Corpse Rot               Necr/Air       0%         N/A       100%        2
 Scorch                   Fire           0%         2d5       100%        2
 Static Discharge         Conj/Air       0%         N/A       100%        2
 Mephitic Cloud           Conj/Pois/Air  0%         N/A       100%        3
 Dispel Undead            Necr           0%         3d6       100%        4
 Flame Wave               Conj/Fire      0%         2d4       100%        4
 Lightning Bolt           Conj/Air       0%         1d11      100%        5
 Death Channel            Necr           0%         N/A       100%        6
 Summon Cactus Giant      Summ           0%         N/A       100%        6
 Maxwell's Capacitive Co  Air            0%         ∞         100%        8


Dungeon Overview and Level Annotations

Branches:
Dungeon (5/15)              Sewer (visited)
 Temple: D:4-7

Altars:
Hepliaklqana

Shops:
D:4 :

Annotations:
D:1 2 transporters


Innate Abilities, Weirdness & Mutations

You are immune to sickness and miasma.
Your stone body is resilient. (AC +4)
You are immune to poison.
You resist negative energy. (rN+)
You are resistant to electric shocks. (rElec)
You are resistant to unholy torment.
You are immune to petrification.


Message History

No target in view!
No target in view!
No target in view!
Items here: )))) ÷ †.
Okay, then.
Things that are here:
a +0 flail; a +0 short sword You see here a +0 dagger.
There is a stone staircase leading down here.
You start resting.
HP restored.
You start waiting.
Done waiting.
You climb downwards.
A gnoll comes into view. It is wielding a +0 halberd.
There is a stone staircase leading up here.
The gnoll shouts!
You hit the gnoll sergeant but do no damage.
The gnoll sergeant barely misses you.
You hit the gnoll sergeant but do no damage.
The gnoll sergeant hits you with a +0 trident of protection!
You hit the gnoll sergeant but do no damage.
The gnoll sergeant hits you but does no damage.
You block the gnoll's attack.
You slash the gnoll sergeant! You freeze the gnoll sergeant.
The gnoll sergeant is heavily wounded.
The gnoll sergeant hits you with a +0 trident of protection.
The gnoll barely misses you.
The gnoll sergeant hits you but does no damage.
You hit the gnoll sergeant. You freeze the gnoll sergeant.
The gnoll sergeant is heavily wounded.
The gnoll barely misses you.
The gnoll sergeant hits you with a +0 trident of protection!
You are too injured to fight recklessly!
You are too injured to fight recklessly!
The gnoll sergeant hits you from afar with a +0 trident of protection!
* * * LOW HITPOINT WARNING * * *
There is a stone staircase leading up here.
The gnoll hits you from afar with a +0 halberd!
You die...

#.# #..............## #.# #g#
#.##.####........##.# #g#
#.##.# #.....##.##.# #.# #.#..#
#.....##.##.# #.####'#..##
#.....##.##.#
######.#........###.....##.##.#
.......'.........)..>...##.##.#
######.#......g..##.#..###.##.#
###......g.@##...........#
#........##########†...#
#............#.........#
#............#.######..#
#..)...................#
#................[.######.##
#.........................#
#.....#####################
#.....#


You could see a gnoll sergeant and a gnoll.

Vanquished Creatures
  Menkaure (D:4)
  Pargi (Sewer)
  An ogre (D:4)
  A scorpion (D:4)
  A gnoll sergeant (D:4)
  An orc priest (D:5)
  A hound (D:3)
  2 iguanas
  An orc wizard (D:4)
  8 gnolls
  7 adders
  3 worms
  11 orcs
  9 endoplasms
  3 giant cockroaches (D:4)
  4 goblins
  8 hobgoblins
  10 jackals
  5 quokkas
  8 ball pythons
  9 bats
  5 frilled lizards
  12 kobolds
  10 rats
122 creatures vanquished.

Notes
Turn   | Place    | Note
-------+----------+-------------------------------------------
     0 | D:1      | bande the Gargoyle Fighter began the quest for the Orb.
     0 | D:1      | Reached XP level 1. HP: 14/14 MP: 1/1
   217 | D:1      | Reached XP level 2. HP: 16/19 MP: 2/2
   624 | D:1      | Reached XP level 3. HP: 20/23 MP: 3/3
  1331 | D:2      | Reached XP level 4. HP: 29/29 MP: 4/4
  1931 | D:3      | Reached XP level 5. HP: 29/33 MP: 5/5
  2357 | D:3      | Found a hazy altar of Hepliaklqana.
  2984 | D:4      | Noticed Menkaure
  2990 | D:4      | Killed Menkaure
  2991 | D:4      | Reached XP level 6. HP: 20/39 MP: 6/6
  2997 | D:4      | Reached skill level 5 in Axes
  3239 | D:4      | Found a glowing drain.
  3268 | Sewer    | Entered a sewer
  3341 | Sewer    | Noticed Pargi
  3353 | Sewer    | Killed Pargi
  3354 | Sewer    | Reached XP level 7. HP: 28/44 MP: 7/7
  3634 | D:4      | Reached skill level 1 in Evocations
  4083 | D:4      | Found Nyloseli's Book Shop.
  4145 | D:5      | Entered Level 5 of the Dungeon
  4690 | D:4      | HP: 2/44 [gnoll sergeant/+3 spear (7)]
  5216 | D:5      | Reached skill level 5 in Armour
  5714 | D:5      | Slain by a gnoll

Illustrated notes

Levels and vault maps discovered:
D:1:      spicycebolla_arrival_teleporter_tutorial, layout_rooms,
          minmay_liquid_box
D:2:      cheibrodos_helix_gallery, layout_basic, minmay_surrounded
D:3:      minmay_diamond_boxcup, layout_basic, lemuel_coloured_pillars_altar
D:4:      layout_rooms, serial_shops, nicolae_shop_crystal,
          portal_sewer_entry_f, minmay_misc_feat_roman, uniq_menkaure
D:5:      layout_basic, kennysheep_little_box

Skill      XL: |  1  2  3  4  5  6  7 |
---------------+----------------------+-----
Axes           | 2 3 4 5 |  5.9
Fighting       | 4 |  4.9
Armour         | 4 5 |  5.0
Shields        | 4 |  4.2
Evocations     | 2 |  2.0

Action                   |  1- 3 |  4- 6 |  7- 9 || total
-------------------------+-------+-------+-------++-------
Melee: War axe           |    80 |   161 |    19 ||   260
       Hand axe          |       |       |    52 ||    52
  Use: Scroll            |     3 |     6 |     3 ||    12
       Potion            |       |       |     1 ||     1
Armor: Scale mail        |    68 |   106 |    20 ||   194
       Chain mail        |       |       |     6 ||     6
Dodge: Dodged            |    79 |    83 |    32 ||   194
Block: Buckler           |    25 |    39 |     9 ||    73

Table legend: (Time is in decaauts)
 A = Elapsed time spent in this place.
 B = Non-inter-level travel time spent in this place.
 C = Inter-level travel time spent in this place.
 D = Time resting spent in this place.
 E = Time spent auto-exploring this place.
 F = Levels seen in this place.
 G = Mean time per level.
                   A        B        C        D        E       F      G
               +--------+--------+--------+--------+--------+-----+--------+
         Total |   5826 |   5803 |     23 |   1847 |   2895 |   6 |  971.0 |
       Dungeon |   5537 |   5514 |     23 |   1847 |   2675 |   5 | 1107.4 |
         Sewer |    288 |    288 |      0 |      0 |    220 |   1 |  288.0 |
               +--------+--------+--------+--------+--------+-----+--------+

Top non-repeatable levels by time:
     D:4: 2400 daAuts
     D:3: 1116 daAuts
     D:1: 988 daAuts
     D:2: 734 daAuts
     D:5: 298 daAuts
   Sewer: 288 daAuts
